NCAA
KENTUCKY WILDCATS @ LOUISIANA STATE TIGERS
04/08/2028
 
TOP OF THE 1ST
Kentucky Wildcats batting - Pitching for Louisiana State Tigers : RHP Steve Henry
Pitching: RHP Steve Henry
Batting: RHB Lewis Childress 0-0: Ball
1-0: Fly out, F6 (Line Drive, 6)
Batting: RHB Haywood Young 0-0: Fly out, F4 (Flyball, 4D)
Batting: LHB Mark Sanders 0-0: Ball
1-0: Ball
2-0: Ball
3-0: Called Strike
3-1: Ground out U3 (Groundball, 3L)
Top of the 1st over - 0 run(s), 0 hit(s), 0 error(s), 0 left on base; Kentucky 0 - Louisiana State 0
BOTTOM OF THE 1ST
Louisiana State Tigers batting - Pitching for Kentucky Wildcats : RHP Pedro Flores
Pitching: RHP Pedro Flores
Batting: RHB Jeff Buck 0-0: Ball
1-0: Foul Ball, location: 2F
1-1: Foul Ball, location: 2F
1-2: Ball
2-2: Strikes out swinging
Batting: RHB John Howell 0-0: SOLO HOME RUN (Flyball, 78XD), Distance : 382 ft
Batting: LHB Ronald Wallace 0-0: SINGLE (Line Drive, 89S)
Batting: RHB José López 0-0: Fly out, F4 (Line Drive, 4M)
Batting: RHB Jonathan Jackson 0-0: SINGLE (Flyball, 78S)
Ronald Wallace to second
Batting: RHB Jacob Glasspool 0-0: Swinging Strike
0-1: Called Strike
0-2: Strikes out swinging
Bottom of the 1st over - 1 run(s), 3 hit(s), 0 error(s), 2 left on base; Kentucky 0 - Louisiana State 1
TOP OF THE 2ND
Kentucky Wildcats batting - Pitching for Louisiana State Tigers : RHP Steve Henry
Batting: RHB Pat Johnston 0-0: Foul Ball, location: 2F
0-1: Ball
1-1: Swinging Strike
1-2: SINGLE (Flyball, 9S)
Batting: SHB Russ Beasley 0-0: Ball
1-0: Swinging Strike
1-1: Ball
2-1: Called Strike
2-2: Ball
3-2: Strikes out swinging
Batting: RHB Jacob Burke 0-0: Called Strike
0-1: Ball
1-1: Grounds into double play, 6-4-3 (Groundball, 6)
Top of the 2nd over - 0 run(s), 1 hit(s), 0 error(s), 0 left on base; Kentucky 0 - Louisiana State 1
BOTTOM OF THE 2ND
Louisiana State Tigers batting - Pitching for Kentucky Wildcats : RHP Pedro Flores
Batting: LHB Ralph Blackburn 0-0: Foul Ball, location: 2F
0-1: Swinging Strike
0-2: Ball
1-2: Fly out, F4 (Flyball, 4MD)
Batting: RHB Miguel Tamayo 0-0: Called Strike
0-1: Ball
1-1: Foul Ball, location: 2F
1-2: SINGLE (Groundball, 6MD)
Batting: RHB Mike Cooley 0-0: Ball
1-0: Fly out, F9 (Flyball, 9LM)
Batting: RHB Jeff Buck 0-0: Bunt for hit - play at first, batter safe!
Miguel Tamayo to second
Batting: RHB John Howell 0-0: Foul Ball, location: 2F
0-1: Ball
1-1: Foul Ball, location: 2F
1-2: Strikes out swinging
Bottom of the 2nd over - 0 run(s), 2 hit(s), 0 error(s), 2 left on base; Kentucky 0 - Louisiana State 1
TOP OF THE 3RD
Kentucky Wildcats batting - Pitching for Louisiana State Tigers : RHP Steve Henry
Batting: LHB Matt Taylor 0-0: Called Strike
0-1: Foul Ball, location: 2F
0-2: Ball
1-2: Foul Ball, location: 2F
1-2: Foul Ball, location: 2F
1-2: SINGLE (Groundball, 34S) (infield hit)
Batting: RHB Andy Johnston 0-0: Called Strike
0-1: Foul Ball, location: 2F
0-2: Ball
1-2: Fly out, F7 (Flyball, 78M)
Batting: SHB Steve Shaw 0-0: Ball
1-0: Ball
2-0: Ball
3-0: Base on Balls
Matt Taylor to second
Batting: RHB Lewis Childress 0-0: Ball
Passed Ball!
Matt Taylor to third
Steve Shaw to second
1-0: Ball
2-0: Foul Ball, location: 2F
2-1: Called Strike
2-2: Ball
3-2: Fly out, F8 (Flyball, 8LM)
Runner from 3rd tags up, SCORES, no throw
Batting: RHB Haywood Young 0-0: Ball
1-0: Called Strike
1-1: Foul Ball, location: 2F
1-2: Ground out 1-3 (Groundball, P)
Top of the 3rd over - 1 run(s), 1 hit(s), 0 error(s), 1 left on base; Kentucky 1 - Louisiana State 1
BOTTOM OF THE 3RD
Louisiana State Tigers batting - Pitching for Kentucky Wildcats : RHP Pedro Flores
Batting: LHB Ronald Wallace 0-0: Called Strike
0-1: Foul Ball, location: 2F
0-2: DOUBLE (Line Drive, 7LS)
Pinch Runner at 2nd Tony Young:
Batting: RHB José López 0-0: Ball
1-0: Ball
2-0: Ball
3-0: Called Strike
3-1: Base on Balls
Batting: RHB Jonathan Jackson 0-0: Foul Ball, location: 2F
0-1: Ball
1-1: Fielders Choice at 2nd, 3-6 (Groundball, 34)
Tony Young to third
Batting: RHB Jacob Glasspool 0-0: Foul Ball, location: 2F
0-1: Swinging Strike
0-2: Strikes out swinging
Batting: LHB Ralph Blackburn 0-0: Ball
1-0: Ball
2-0: Called Strike
2-1: Foul Ball, location: 2F
2-2: Fielders Choice at 2nd, 4-6 (Groundball, 4)
Bottom of the 3rd over - 0 run(s), 1 hit(s), 0 error(s), 1 left on base; Kentucky 1 - Louisiana State 1
TOP OF THE 4TH
Kentucky Wildcats batting - Pitching for Louisiana State Tigers : RHP Steve Henry
Now in RF: Tony Young
Batting: LHB Mark Sanders 0-0: SINGLE (Line Drive, 34D)
Batting: RHB Pat Johnston 0-0: Foul Ball, location: 2F
0-1: Swinging Strike
0-2: Foul Ball, location: 2F
0-2: Strikes out swinging
Batting: SHB Russ Beasley 0-0: Ball
1-0: Ball
2-0: Ball
3-0: Swinging Strike
3-1: Foul Ball, location: 2F
3-2: Foul Ball, location: 2F
3-2: Foul Ball, location: 2F
3-2: Fly out, F8 (Flyball, 8LM)
Batting: RHB Jacob Burke 0-0: Ball
1-0: Ground out U3 (Groundball, 23)
Top of the 4th over - 0 run(s), 1 hit(s), 0 error(s), 1 left on base; Kentucky 1 - Louisiana State 1
BOTTOM OF THE 4TH
Louisiana State Tigers batting - Pitching for Kentucky Wildcats : RHP Pedro Flores
Batting: RHB Miguel Tamayo 0-0: Ground out 4-3 (Groundball, 4)
Batting: RHB Mike Cooley 0-0: Ball
1-0: Ball
2-0: Foul Ball, location: 2F
2-1: Hit by Pitch
Batting: RHB Jeff Buck 0-0: Ball
1-0: Swinging Strike
1-1: Fly out, F8 (Flyball, 89S)
Batting: RHB John Howell 0-0: Ball
1-0: Ground out 6-3 (Groundball, 6M)
Bottom of the 4th over - 0 run(s), 0 hit(s), 0 error(s), 1 left on base; Kentucky 1 - Louisiana State 1
TOP OF THE 5TH
Kentucky Wildcats batting - Pitching for Louisiana State Tigers : RHP Steve Henry
Batting: LHB Matt Taylor 0-0: SINGLE (Line Drive, 4MD)
Batting: RHB Andy Johnston 0-0: Called Strike
0-1: Ball
1-1: Ball
2-1: Foul Ball, location: 2F
2-2: Strikes out looking
Batting: SHB Steve Shaw 0-0: Called Strike
0-1: Ball
1-1: Called Strike
1-2: Ball
2-2: Ball
3-2: Foul Ball, location: 2F
3-2: Base on Balls
Matt Taylor to second
Pitching: RHP Manny Castro
Batting: RHB Lewis Childress 0-0: Called Strike
0-1: Foul Ball, location: 2F
0-2: Strikes out swinging
Batting: RHB Haywood Young 0-0: Called Strike
0-1: Called Strike
0-2: Ball
1-2: Ball
2-2: Strikes out looking
Top of the 5th over - 0 run(s), 1 hit(s), 0 error(s), 2 left on base; Kentucky 1 - Louisiana State 1
BOTTOM OF THE 5TH
Louisiana State Tigers batting - Pitching for Kentucky Wildcats : RHP Pedro Flores
Batting: RHB Tony Young 0-0: Ball
1-0: Foul Ball, location: 2F
1-1: Ball
2-1: Swinging Strike
2-2: Foul Ball, location: 2F
2-2: Strikes out looking
Batting: RHB José López 0-0: Fly out, F9 (Flyball, 9)
Batting: RHB Jonathan Jackson 0-0: Ball
1-0: Foul Ball, location: 2F
1-1: Ball
2-1: Called Strike
2-2: Strikes out swinging, 2-3 out at first.
Bottom of the 5th over - 0 run(s), 0 hit(s), 0 error(s), 0 left on base; Kentucky 1 - Louisiana State 1
TOP OF THE 6TH
Kentucky Wildcats batting - Pitching for Louisiana State Tigers : RHP Manny Castro
Batting: LHB Mark Sanders 0-0: Called Strike
0-1: Ball
1-1: Ball
2-1: Foul Ball, location: 2F
2-2: Fly out, F7 (Flyball, 78M)
Batting: RHB Pat Johnston 0-0: Ball
1-0: SINGLE (Groundball, 34D)
Batting: SHB Russ Beasley 0-0: Ball
1-0: Ball
2-0: Ball
3-0: Foul Ball, location: 2F
3-1: Foul Ball, location: 2F
3-2: Foul Ball, location: 2F
3-2: Base on Balls
Pat Johnston to second
Batting: RHB Jacob Burke 0-0: Called Strike
0-1: Called Strike
0-2: Strikes out swinging
Batting: LHB Matt Taylor 0-0: Called Strike
0-1: Ball
1-1: Foul Ball, location: 2F
1-2: Ball
2-2: Ball
3-2: Strikes out swinging
Top of the 6th over - 0 run(s), 1 hit(s), 0 error(s), 2 left on base; Kentucky 1 - Louisiana State 1
BOTTOM OF THE 6TH
Louisiana State Tigers batting - Pitching for Kentucky Wildcats : RHP Pedro Flores
Batting: RHB Jacob Glasspool 0-0: Called Strike
0-1: DOUBLE (Flyball, 9)
Batting: LHB Ralph Blackburn 0-0: DOUBLE (Line Drive, 9LS)
Jacob Glasspool scores
Batting: RHB Miguel Tamayo 0-0: Intentional Walk
Batting: RHB Mike Cooley 0-0: Ball
1-0: Called Strike
1-1: Grounds into double play, 6-4-3 (Groundball, 6)
Ralph Blackburn to third
Batting: RHB Jeff Buck 0-0: Called Strike
0-1: Ball
1-1: DOUBLE (Line Drive, 89D)
Ralph Blackburn scores
Pitching: RHP Harold Mullen
Batting: RHB John Howell 0-0: Ball
1-0: Ball
2-0: Ball
3-0: Base on Balls
Batting: RHB Tony Young Balk!
Jeff Buck to third
John Howell to second
0-0: Ground out 6-3 (Groundball, 6)
Bottom of the 6th over - 2 run(s), 3 hit(s), 0 error(s), 2 left on base; Kentucky 1 - Louisiana State 3
TOP OF THE 7TH
Kentucky Wildcats batting - Pitching for Louisiana State Tigers : RHP Manny Castro
Batting: RHB Andy Johnston 0-0: Ball
1-0: Ball
2-0: Swinging Strike
2-1: Ball
3-1: Called Strike
3-2: Strikes out swinging
Batting: SHB Steve Shaw 0-0: Called Strike
0-1: Swinging Strike
0-2: Ball
1-2: Foul Ball, location: 2F
1-2: Foul Ball, location: 2F
1-2: Strikes out looking
Batting: RHB Lewis Childress 0-0: Foul Ball, location: 2F
0-1: Foul Ball, location: 2F
0-2: Foul Ball, location: 2F
0-2: Fly out, F4 (Line Drive, 4)
Top of the 7th over - 0 run(s), 0 hit(s), 0 error(s), 0 left on base; Kentucky 1 - Louisiana State 3
BOTTOM OF THE 7TH
Louisiana State Tigers batting - Pitching for Kentucky Wildcats : RHP Harold Mullen
Batting: RHB José López 0-0: Fly out, F8 (Flyball, 8RM)
Batting: RHB Jonathan Jackson 0-0: Called Strike
0-1: SINGLE (Flyball, 78S)
Batting: RHB Jacob Glasspool 0-0: Ball
1-0: Called Strike
1-1: Ball
2-1: Called Strike
2-2: Foul Ball, location: 2F
2-2: Foul Ball, location: 2F
2-2: Strikes out swinging
Batting: LHB Ralph Blackburn 0-0: Ball
1-0: Called Strike
1-1: Foul Ball, location: 2F
1-2: Foul Ball, location: 2F
1-2: Strikes out swinging
Bottom of the 7th over - 0 run(s), 1 hit(s), 0 error(s), 1 left on base; Kentucky 1 - Louisiana State 3
TOP OF THE 8TH
Kentucky Wildcats batting - Pitching for Louisiana State Tigers : RHP Manny Castro
Batting: RHB Haywood Young 0-0: Ball
1-0: Called Strike
1-1: Foul Ball, location: 2F
1-2: Ground out 5-3 (Groundball, 56)
Batting: LHB Mark Sanders 0-0: Ball
1-0: Ground out U3 (Groundball, 34)
Batting: RHB Pat Johnston 0-0: Fly out, F8 (Flyball, 8LS)
Top of the 8th over - 0 run(s), 0 hit(s), 0 error(s), 0 left on base; Kentucky 1 - Louisiana State 3
BOTTOM OF THE 8TH
Louisiana State Tigers batting - Pitching for Kentucky Wildcats : RHP Harold Mullen
Batting: RHB Miguel Tamayo 0-0: Called Strike
0-1: Called Strike
0-2: Fly out, F7 (Flyball, 7LM)
Batting: RHB Mike Cooley 0-0: Fly out, F9 (Flyball, 9)
Batting: RHB Jeff Buck 0-0: Foul Ball, location: 2F
0-1: Reached on error, E9 (Line Drive, 9)
Batting: RHB John Howell 0-0: Ball
1-0: Fly out, F9 (Flyball, 89M)
Bottom of the 8th over - 0 run(s), 0 hit(s), 1 error(s), 1 left on base; Kentucky 1 - Louisiana State 3
TOP OF THE 9TH
Kentucky Wildcats batting - Pitching for Louisiana State Tigers : RHP Manny Castro
Pitching: RHP Jed Wilson
Batting: SHB Russ Beasley 0-0: Ball
1-0: Ball
2-0: Ball
3-0: Base on Balls
Pinch Hitting: SHB Eduardo Luna 0-0: Called Strike
0-1: Foul Ball, location: 2F
0-2: Strikes out swinging
Batting: LHB Matt Taylor 0-0: Foul Ball, location: 2F
0-1: Swinging Strike
0-2: Ball
1-2: Ball
2-2: Foul Ball, location: 2F
2-2: Foul Ball, location: 2F
2-2: Strikes out swinging
Pinch Hitting: RHB Johnny Carson 0-0: Ball
1-0: Called Strike
1-1: Called Strike
1-2: Strikes out swinging
Top of the 9th over - 0 run(s), 0 hit(s), 0 error(s), 1 left on base; Kentucky 1 - Louisiana State 3
Tuesday, August 8th, 2017 - OOTP Baseball 17.12 Build 75